 Dungeon Crawl Stone Soup version 0.24-a0-258-gb86c0f735e (webtiles) character file.

Game seed: 112905776443885145

110 Redear the Skirmisher (level 4, 0/38 HPs)
             Began as a Barachi Fighter on Apr 19, 2019.
             Succumbed to an adder's poison
             ... on level 3 of the Dungeon.
             The game lasted 00:03:20 (2100 turns).

Redear the Skirmisher (Barachi Fighter)             Turns: 2100, Time: 00:03:21

Health: 0/38       AC:  7    Str: 17    XL:     4   Next: 91%
Magic:  4/4        EV:  7    Int:  8    God:
Gold:   73         SH:  9    Dex: 13    Spells: 3/3 levels left

rFire    . . .     SeeInvis .   a - +0 war axe
rCold    . . .     Gourm    .   c - +0 shield
rNeg     . . .     Faith    .   b - +0 scale mail
rPois    .         Spirit   .   (no helmet)
rElec    .         Reflect  .   (no cloak)
rCorr    .         Harm     .   (no gloves)
MR       .....                  (no boots)
Stlth    ..........             (no amulet)
HPRegen  0.12/turn              (no ring)
MPRegen  0.09/turn              (no ring)

@: lethally poisoned (0 -> -1), berserk cooldown, slowed, very slow
A: +LOS, swims, slowness 1, strong legs 1
a: Hop


You were on level 3 of the Dungeon.
You were very hungry.

You visited 1 branch of the dungeon, and saw 3 of its levels.

You collected 73 gold pieces.

Inventory:

Hand Weapons
 a - a +0 war axe (weapon)
Armour
 b - a +0 scale mail (worn)
 c - a +0 shield (worn)
 f - a +0 cloak
 k - a +0 cloak
 l - a +0 large shield
Scrolls
 e - 2 scrolls of identify {unknown}
 h - a scroll of enchant weapon {unknown}
 i - 2 scrolls of enchant armour {unknown}
 m - a scroll of teleportation {unknown}
Potions
 d - a potion of might {Str+5 DMG+1d10 | @q3}
 g - a potion of berserk rage
 j - a potion of haste {unknown}
Comestibles
 z - 4 rations


   Skills:
 + Level 4.5 Fighting
 + Level 3.2 Axes
 + Level 4.5 Armour
 + Level 4.1 Shields


You had 3 spell levels left.
You didn't know any spells.
Your spell library was empty.

Dungeon Overview and Level Annotations

Branches:
Dungeon (3/15)

Altars:
Gozag


Innate Abilities, Weirdness & Mutations

Shadows flee at your approach. (+LOS)
You can swim through water.
You cover ground slowly.
You can hop short distances.


Message History

You feel yourself moving faster!
You feel mighty! You block the adder's attack. x2
You now have 2/57 hp.
You are feeling very hungry.
You barely miss the adder.
The adder is almost dead.
The adder bites you but does no damage.
Your scale mail prevents you from hitting the adder.
The adder is almost dead.
You block the adder's attack.
You slash the adder!
You kill the adder!
* * * LOW HITPOINT WARNING * * *
You feel sick.
You take 1 damage, and have 1/57 hp.
You feel a strong urge to attack something.
You are no longer berserk.
You are exhausted.
You feel yourself slow down.
You now have 1/38 hp.
You die...

#.......######.......#
... ##.....##
#####.### # ##..<##
###.# ##+## ####...#
#....### #'##.#
##..###### #.)..##..##
#....@....#
##..##....# +#####..##
##+#


There were no monsters in sight!

Vanquished Creatures
  4 adders
  A gnoll (D:1)
  A worm (D:2)
  2 dart slugs
  A leopard gecko (D:1)
  An orc (D:3)
  5 giant cockroaches
  5 goblins
  10 hobgoblins
  11 kobolds
  2 ball pythons (D:2)
  4 bats
  2 frilled lizards
  4 rats
53 creatures vanquished.

Notes
Turn   | Place    | Note
-------+----------+-------------------------------------------
     0 | D:1      | Redear the Barachi Fighter began the quest for the Orb.
     0 | D:1      | Reached XP level 1. HP: 18/18 MP: 1/1
   107 | D:1      | Reached XP level 2. HP: 25/25 MP: 2/2
   143 | D:1      | Reached skill level 4 in Fighting
   143 | D:1      | Reached skill level 4 in Armour
   143 | D:1      | Reached XP level 3. HP: 8/30 MP: 3/3
   666 | D:2      | Found an opulent altar of Gozag.
   752 | D:2      | Reached skill level 3 in Axes
   756 | D:2      | Reached XP level 4. HP: 18/37 MP: 4/4
  1194 | D:2      | Reached skill level 4 in Shields
  1544 | D:2      | Found a faded altar of an unknown god.
  2088 | D:3      | HP: 2/38 [adder (2)]
  2096 | D:3      | HP: 1/57 [poisoned by an adder]
  2100 | D:3      | Succumbed to an adder's poison

Levels and vault maps discovered:
D:1:      minmay_arrival_loop, layout_rooms, grunt_decor_cap,
          minmay_pentomino_q2
D:2:      layout_basic, chequers_ecumenical_altar_grove, chequers_mini_garden,
          grunt_gozag_breadcrumbs
D:3:      minmay_bubble_buster, layout_loops_corners, marbit_many_paths,
          minmay_misc_feat_x, uniq_terence

Skill      XL: |  1  2  3  4 |
---------------+-------------+-----
Fighting       | 4 |  4.5
Armour         | 4 |  4.5
Axes           | 3 |  3.2
Shields        | 4 |  4.1

Action                   |  1- 3 |  4- 6 || total
-------------------------+-------+-------++-------
Melee: War axe           |    84 |    92 ||   176
  Use: Potion            |       |     1 ||     1
  Eat: Chunk             |       |     4 ||     4
Armor: Scale mail        |    71 |    42 ||   113
Dodge: Dodged            |    54 |    20 ||    74
Block: Shield            |    69 |    48 ||   117

Table legend:
 A = Non-vault XP
 B = Vault XP
 C = Vault XP percentage of total XP
 D = Non-vault monster count
 E = Vault monster count
 F = Vault count percentage of total count
                 A         B        C        D         E       F
            +---------+---------+-------+---------+---------+-------
      Total |     136 |      22 |  13.9 |      48 |       5 |   9.4
            +---------+---------+-------+---------+---------+-------
        D:1 |      48 |       4 |   7.7 |      19 |       2 |   9.5
        D:2 |      80 |       0 |   0.0 |      24 |       0 |   0.0
        D:3 |       8 |      18 |  69.2 |       5 |       3 |  37.5
            +---------+---------+-------+---------+---------+-------
